 Dungeon Crawl Stone Soup version 0.29.0-11-gd7f09526c8 (webtiles) character file.

Game seed: 6581548058278380242

70 mtoz the Firebug (level 4, -7/33 HPs)
             Began as a Hill Orc Fire Elementalist on Sept 5, 2022.
             Mangled by a gnoll
             ... wielding a +0 club
              (8 damage)
             ... on level 2 of the Dungeon.
             The game lasted 00:10:29 (2199 turns).

mtoz the Firebug (Hill Orc Fire Elementalist)       Turns: 2199, Time: 00:10:29

Health: -7/33      AC:  2    Str: 12    XL:     4   Next: 21%
Magic:  0/6        EV: 12    Int: 15    God:
Gold:   85         SH:  0    Dex: 11    Spells: 5/6 levels left

rFire   . . .      SeeInvis .   g - +0 hand axe
rCold   . . .      Faith    .   (no shield)
rNeg    . . .      Spirit   .   a - +0 robe
rPois   .          Reflect  .   (no helmet)
rElec   .          Harm     .   (no cloak)
rCorr   .          Rampage  .   (no gloves)
Will    .....                   (no boots)
Stlth   ++........              (no amulet)
HPRegen 0.11/turn               (no ring)
MPRegen 0.10/turn               (no ring)

@: very slightly contaminated
A: no striking features
a: no special abilities


You were on level 2 of the Dungeon.
You visited 1 branch of the dungeon, and saw 3 of its levels.

You collected 85 gold pieces.

Inventory:

Hand Weapons
 g - a +0 hand axe (weapon)
Armour
 a - a +0 robe (worn)
Scrolls
 d - a scroll of magic mapping {unknown}
 e - a scroll of immolation {unknown}
 h - a scroll of enchant weapon {unknown}
 i - a scroll of vulnerability {unknown}
 j - a scroll of identify {unknown}
Potions
 b - a potion of magic
 c - 2 potions of curing {unknown}
 f - 2 potions of mutation {unknown}


   Skills:
 + Level 1.6 Axes
 + Level 2.1 Dodging
 + Level 2.0 Stealth
 + Level 1.9 Spellcasting
 + Level 1.8 Conjurations
 + Level 3.7 Fire Magic


You had 5 spell levels left.
You knew the following spells:

 Your Spells              Type           Power      Damage    Failure   Level
a - Foxfire               Conj/Fire      36%        2x1d5     7%          1

Your spell library contained the following spells:

 Spells                   Type           Power      Damage    Failure   Level
 Scorch                   Fire           24%        2d6       7%          2
 Magic Dart               Conj           24%        1d4       11%         1
 Searing Ray              Conj           12%        2d4       16%         2
 Conjure Flame            Conj/Fire      9%         6-21      22%         3
 Inner Flame              Hex/Fire       7%         N/A       30%         3
 Flame Wave               Conj/Fire      9%         2d6       56%         4
 Fulminant Prism          Conj/Hex       2%         3d6       83%         4


Dungeon Overview and Level Annotations

Branches:
Dungeon (3/15)

Altars:


Message History

Casting: Foxfire (safe; 7% risk of failure)
Confirm with . or Enter, or press ? or * to list all spells.
You conjure some foxfire!
The foxfire hits the gnoll but does no damage.
The gnoll is lightly wounded.
The foxfire hits the gnoll.
The gnoll is lightly wounded.
The gnoll attacks as you move away! The gnoll hits you but does no damage.
Casting: Foxfire (safe; 7% risk of failure)
Confirm with . or Enter, or press ? or * to list all spells.
You conjure some foxfire!
The gnoll misses you.
Your foxfire dissipates!
Casting: Foxfire (safe; 7% risk of failure)
Confirm with . or Enter, or press ? or * to list all spells.
You conjure some foxfire!
The gnoll barely misses you.
Found an escape hatch in the ceiling.
Found a stone staircase leading down.
The foxfire hits the gnoll but does no damage.
The gnoll is lightly wounded.
The foxfire hits the gnoll.
The gnoll is moderately wounded.
Casting: Foxfire (safe; 7% risk of failure)
Confirm with . or Enter, or press ? or * to list all spells.
You don't have enough magic to cast this spell.
You barely miss the gnoll.
The gnoll is moderately wounded.
The gnoll barely misses you.
You closely miss the gnoll.
The gnoll is moderately wounded.
The gnoll hits you with a +0 club!
* * * LOW HITPOINT WARNING * * *
A goblin comes into view. It is wielding a +0 dagger.
The gnoll attacks as you move away! The gnoll barely misses you.
Casting: Foxfire (safe; 7% risk of failure)
Confirm with . or Enter, or press ? or * to list all spells.
You miscast Foxfire.
You are very lightly contaminated with residual magic.
Nothing appears to happen.
The gnoll hits you with a +0 club.
* * * LOW HITPOINT WARNING * * *
The gnoll attacks as you move away! The gnoll hits you with a +0 club!
You die...

#####....†..#.#..#.#.#
..##......#.#.#..#.#.#
..##.####.#.#.#..#.#
..##.# #.#.#.#..#.#
..##.# #.#.#.#..#.#
.###.# #.#.# #..#.# ##
#.# .... #..#.# # #
#+# ..... #..#.#.# ##
.......#.@#.#.# P##
....>....g#...# ..#
.......###.#...#


PP# ............# PP# .#<###..###.# .P# #....# ... # .>..##.. .### # ...# ### .#
# ... You could see a gnoll.

Vanquished Creatures
  A gnoll (D:2)
  2 adders (D:2)
  A dart slug (D:1)
  5 ball pythons
  2 endoplasms (D:1)
  A giant cockroach (D:2)
  7 goblins (D:1)
  2 hobgoblins
  3 jackals (D:2)
  4 quokkas
  2 frilled lizards
  4 kobolds
  2 rats (D:1)
36 creatures vanquished.

Vanquished Creatures (collateral kills)
  3 foxfires (D:1)
3 creatures vanquished.

Vanquished Creatures (others)
  105 foxfires
  A plant (D:2)
  2 withered plants (D:2)
108 creatures vanquished.

Grand Total: 147 creatures vanquished

Notes
Turn   | Place    | Note
-------+----------+-------------------------------------------
     0 | D:1      | mtoz the Hill Orc Fire Elementalist began the quest for the
                  | Orb.
     0 | D:1      | Reached XP level 1. HP: 14/14 MP: 3/3
   162 | D:1      | Reached XP level 2. HP: 20/20 MP: 2/4
   818 | D:1      | Reached skill level 1 in Axes
   827 | D:1      | Reached XP level 3. HP: 17/26 MP: 1/5
  1832 | D:2      | Found a faded altar of an unknown god.
  2030 | D:2      | Reached XP level 4. HP: 31/33 MP: 1/6
  2197 | D:2      | HP: 1/33 [gnoll/+0 club (3)]
  2199 | D:2      | Mangled by a gnoll

Illustrated notes

Levels and vault maps discovered:
D:1:      minmay_arrival_wavy_path, layout_rooms, serial_forest,
          infiniplex_forest_zigzag_2, infiniplex_forest_corner_1,
          infiniplex_forest_clump_long, infiniplex_forest_corner_1,
          infiniplex_forest_clump_cross, infiniplex_forest_lined_room_,
          hangedman_abyss_or_decor_lesser_grid
D:2:      minmay_spotlight, layout_basic, shapermc_ecumenical_altar_flowoftime,
          kennysheep_generic_room_13
D:3:      layout_basic

Skill      XL: |  1  2  3 |
---------------+----------+-----
Axes           | 1 |  1.6
Dodging        | 2 |  2.1
Stealth        | 2 |  2.0
Spellcasting   | |  1.9
Conjurations   | |  1.8
Fire Magic     | |  3.7

Action                   |  1- 3 |  4- 6 || total
-------------------------+-------+-------++-------
Melee: Unarmed           |     3 |       ||     3
       Hand axe          |    10 |     2 ||    12
 Cast: Foxfire           |    51 |    12 ||    63
Armor: Robe              |     7 |     1 ||     8
Dodge: Dodged            |    40 |     6 ||    46
